 Dungeon Crawl Stone Soup version 0.29-a0-330-g52719c12eb (webtiles) character file.

Game seed: 1542321701820988427

10572 Ajdolov the Martial Artist (level 11, -4/69 HPs)
             Began as a Vine Stalker Transmuter on Apr 27, 2022.
             Slain by a phantasmal warrior (24 damage)
             ... on level 11 of the Dungeon.
             The game lasted 00:19:37 (9936 turns).

Ajdolov the Martial Artist (VSTm)                   Turns: 9936, Time: 00:19:38

Health: -4/69      AC: 11    Str: 13    XL:     11   Next: 64%
Magic:  0/25       EV: 10    Int: 17    God:
Gold:   700        SH:  0    Dex: 15    Spells: 24/29 levels left

rFire   x . .      SeeInvis .     - Unarmed
rCold   + + +      Faith    .   (shield currently unavailable)
rNeg    . . .      Spirit   +   (body armour currently unavailable)
rPois   +          Reflect  .   (helmet currently unavailable)
rElec   .          Harm     .   (cloak currently unavailable)
rCorr   .          Rampage  .   (gloves currently unavailable)
Will    +....                   (boots currently unavailable)
Stlth   +.........              y - amulet of regeneration
HPRegen 1.81/turn               o - ring of wizardry
MPRegen 0.19/turn               C - +4 ring of protection

@: ice-form, studying Ice Magic
A: freezing attack, amphibious, boosted hp, large, (fangs 3), regeneration 1,
magic shield, (antimagic bite), no potion heal 2
a: End Transformation


You were on level 11 of the Dungeon.
You were a creature of crystalline ice.
You visited 2 branches of the dungeon, and saw 12 of its levels.

You collected 700 gold pieces.

Inventory:

Missiles
 E - a curare-tipped dart
 I - 2 throwing nets
Armour
 a - a +0 robe (melded)
 c - a +0 pair of gloves (melded)
 d - a +0 cloak (melded)
 p - a +0 helmet (melded)
 K - a +0 troll leather armour
Jewellery
 o - a ring of wizardry (left front paw)
 y - an amulet of regeneration (around neck)
 C - a +4 ring of protection (right front paw)
 D - a ring of protection from cold
 H - a +4 ring of evasion
 J - a ring of ice
Wands
 A - a wand of iceblast (13)
 F - a wand of digging (7)
Scrolls
 e - a scroll of fog {unknown}
 f - a scroll of enchant weapon {unknown}
 g - 3 scrolls of vulnerability {unknown}
 h - 2 scrolls of fear {unknown}
 j - 2 scrolls of immolation {unknown}
 k - 7 scrolls of identify {unknown}
 l - 4 scrolls of teleportation {unknown}
 n - 2 scrolls of noise {unknown}
 s - 4 scrolls of enchant armour {unknown}
 v - 4 scrolls of magic mapping {unknown}
 G - a scroll of summoning {unknown}
Potions
 b - 2 potions of lignification
 i - a potion of brilliance {unknown}
 m - 4 potions of attraction {unknown}
 q - 2 potions of haste {unknown}
 r - 6 potions of heal wounds {unknown}
 t - a potion of resistance {unknown}
 u - 2 potions of degeneration {unknown}
 w - 4 potions of curing {unknown}
 x - a potion of invisibility {unknown}
 z - 3 potions of flight {unknown}
 B - 2 potions of magic {unknown}


   Skills:
 - Level 6.8 Fighting
 - Level 1.5 Dodging
 * Level 12.7 Unarmed Combat
 + Level 9.5 Spellcasting
 - Level 5.0 Transmutations
 - Level 5.0 Ice Magic


You had 24 spell levels left.
You knew the following spells:

 Your Spells              Type           Power      Damage    Failure   Level
a - Beastly Appendage     Tmut           50%        N/A       1%          1
b - Ice Form              Ice/Tmut       25%        N/A       4%          4

Your spell library contained the following spells:

 Spells                   Type           Power      Damage    Failure   Level
 Wereblood                Tmut           25%        N/A       1%          2
 Spider Form              Tmut/Pois      16%        N/A       4%          3
 Gell's Gravitas          Tloc           8%         N/A       11%         3
 Lesser Beckoning         Tloc           8%         N/A       11%         3
 Teleport Other           Tloc           8%         N/A       11%         3
 Tukima's Dance           Hex            8%         N/A       11%         3
 Anguish                  Hex/Necr       4%         N/A       32%         4
 Enfeeble                 Hex            4%         N/A       100%        7


Dungeon Overview and Level Annotations

Branches:
Dungeon (11/15)            Temple (1/1) D:7            Lair (0/6) D:10
    Orc: D:9-12

Altars:
Ashenzari
Cheibriados
Dithmenos
Elyvilon
Fedhas
Gozag
Hepliaklqana
Kikubaaqudgha
Makhleb
Nemelex Xobeh
Okawaru
Qazlal
Ru
Sif Muna
Trog
Uskayaw
Vehumet
Wu Jian
Xom
Yredelemnul
Zin
The Shining One

Shops:
D:3 (   D:7 [

Annotations:
D:11 3 runed translucent doors


Innate Abilities, Weirdness & Mutations

You are a creature of crystalline ice.
You have a powerful freezing melee attack.
You are amphibious.
Your maximum health is increased.
Your armour is entirely melded.
You are incapable of wielding weapons or throwing items.
((You have razor-sharp teeth.))
Your natural rate of healing is unusually fast.
When hurt, damage is shared between your health and your magic reserves.
((Your bite disrupts and absorbs the magic of your enemies.))
Potions cannot restore your health.


Message History

The iceblast engulfs the eight-headed hydra!
The eight-headed hydra is severely wounded.
You hear a shout! x2
A cyclops opens the door.
Unknown command.
You hit the eight-headed hydra.
The eight-headed hydra seems to slow down.
You freeze the eight-headed hydra.
The eight-headed hydra is severely wounded.
The eight-headed hydra bites you.
* * * LOW HITPOINT WARNING * * *
The eight-headed hydra barely misses you.
The eight-headed hydra bites you but does no damage.
The eight-headed hydra bites you.
* * * LOW HITPOINT WARNING * * *
The eight-headed hydra bites you.
* * * LOW HITPOINT WARNING * * *
The eight-headed hydra barely misses you.
The eight-headed hydra closely misses you.
The eight-headed hydra bites you!
* * * LOW HITPOINT WARNING * * *
You pummel the eight-headed hydra!!
The eight-headed hydra seems to slow down.
You freeze the eight-headed hydra.
You kill the eight-headed hydra!
A gargoyle comes into view. It is wielding a +0 morningstar.
The cyclops throws a large rock.
The large rock barely misses you.
Unknown command.
A phantasmal warrior comes into view.
Found a phantom mirror.
There is an open door here.
Which direction?
You close the door.
You close the door.
You open the door.
You close the door.
A phantasmal warrior breaks down the door.
As you open the door, it creaks loudly! The phantasmal warrior hits you!!
You die...

.....+ .....# #'####
####### .....#
#.....# .....#
#.....##### .....#
#.....#...#
.....######.....#...#
................#...#
#####...........Y...#
#############W####
.#...#9...#
.C'..(C†...#
..#...#....# ####
##W##....# ....
#...#....# ....
.'...#....# ....
.}#...#....#


You could see a phantasmal warrior and a gargoyle.

Vanquished Creatures
  Harold (D:10)
  A hydra (D:11)
  A two-headed ogre (D:10)
  Pikel (Temple)
  A cyclops (D:11)
  Joseph (D:7)
  Maurice (D:9)
  A komodo dragon (D:5)
  A troll (D:10)
  A wraith (D:10)
  Sigmund (D:3)
  2 wyverns
  10 yaks
  A shadow (D:10)
  Menkaure (D:7)
  An acid dragon (D:9)
  6 water moccasins
  2 ice beasts (D:6)
  2 orc warriors (D:9)
  2 black bears
  A sky beast (D:6)
  3 ogres
  4 centaurs
  A phantom (D:6)
  A lemure (D:7)
  3 kobold brigands
  6 bullfrogs
  2 gnoll sergeants
  3 scorpions
  A necrophage (D:7)
  11 killer bees (D:9)
  2 howler monkeys
  2 hounds
  4 jellies
  4 orc priests
  Jessica (D:2)
  7 iguanas
  7 orc wizards
  Robin (D:3)
  11 gnolls
  4 adders
  2 shadow imps
  4 white imps
  A worm (D:2)
  3 dart slugs
  23 orcs
  5 endoplasms
  4 giant cockroaches
  17 goblins
  7 hobgoblins
  4 jackals (D:1)
  4 quokkas
  7 ball pythons
  6 bats
  5 frilled lizards
  21 kobolds
  4 rats
234 creatures vanquished.

Vanquished Creatures (others)
  26 fungi (D:10)
  40 plants (D:10)
66 creatures vanquished.

Grand Total: 300 creatures vanquished

Notes
Turn   | Place    | Note
-------+----------+-------------------------------------------
     0 | D:1      | Ajdolov the Vine Stalker Transmuter began the quest for the
                  | Orb.
     0 | D:1      | Reached XP level 1. HP: 9/9 MP: 4/4
    22 | D:1      | Reached skill level 1 in Fighting
   201 | D:1      | Found a faded altar of an unknown god.
   245 | D:1      | Reached XP level 2. HP: 4/14 MP: 3/6
  1147 | D:2      | Reached XP level 3. HP: 18/18 MP: 5/7
  1574 | D:2      | Reached skill level 4 in Unarmed Combat
  2252 | D:3      | Found Wuqimewa's Weapon Emporium.
  2277 | D:3      | Identified the +5 dagger "Veufolou" {vorpal, rN+ Int+4
                  | Dex+3}
  2309 | D:3      | Found a hide-covered altar of Uskayaw.
  2349 | D:3      | Gained mutation: Your natural rate of healing is unusually
                  | fast. [Vine Stalker growth]
  2349 | D:3      | Reached XP level 4. HP: 19/23 MP: 5/8
  2544 | D:3      | Noticed Jessica
  2544 | D:3      | Noticed Robin
  2552 | D:2      | Killed Jessica
  2735 | D:3      | Noticed a scorpion
  2750 | D:2      | Reached XP level 5. HP: 27/27 MP: 5/9
  2904 | D:3      | Reached skill level 5 in Unarmed Combat
  2958 | D:3      | Killed Robin
  2990 | D:3      | Noticed Sigmund
  3109 | D:3      | Killed Sigmund
  3110 | D:3      | Reached skill level 6 in Unarmed Combat
  3110 | D:3      | Reached XP level 6. HP: 32/32 MP: 7/10
  3341 | D:4      | Reached XP level 7. HP: 16/37 MP: 3/11
  3781 | D:5      | Entered Level 5 of the Dungeon
  3793 | D:5      | Reached skill level 7 in Unarmed Combat
  4214 | D:5      | Noticed a komodo dragon
  4216 | D:5      | Noticed a wyvern
  4227 | D:5      | Killed a wyvern
  4228 | D:5      | Reached skill level 8 in Unarmed Combat
  4228 | D:5      | Gained mutation: You have razor-sharp teeth. [Vine Stalker
                  | growth]
  4228 | D:5      | Reached XP level 8. HP: 42/42 MP: 6/12
  4237 | D:5      | Killed a komodo dragon
  4238 | D:5      | Reached skill level 5 in Fighting
  4379 | D:5      | Reached skill level 9 in Unarmed Combat
  4986 | D:6      | Reached XP level 9. HP: 44/48 MP: 10/13
  5126 | D:6      | Reached skill level 10 in Unarmed Combat
  6125 | D:7      | Noticed Joseph
  6136 | D:7      | Found a staircase to the Ecumenical Temple.
  6147 | D:7      | Killed Joseph
  6148 | D:7      | Reached skill level 11 in Unarmed Combat
  6239 | D:7      | Reached skill level 1 in Ice Magic
  6258 | Temple   | Entered the Ecumenical Temple
  6674 | D:7      | Learned a level 4 spell: Ice Form
  6797 | D:7      | Noticed Pikel
  6832 | Temple   | Killed Pikel
  6833 | Temple   | Reached skill level 5 in Ice Magic
  6833 | Temple   | Reached XP level 10. HP: 22/53 MP: 6/14
  6974 | D:7      | Reached skill level 5 in Transmutations
  7300 | D:7      | Noticed Menkaure
  7315 | D:7      | Killed Menkaure
  7383 | D:7      | Found Buokees's Antique Armour Boutique.
  7505 | D:8      | You fall into a shaft and drop 1 floor!
  7587 | D:9      | Reached skill level 5 in Spellcasting
  8712 | D:9      | Noticed Maurice
  8723 | D:9      | Killed Maurice
  8869 | D:10     | Entered Level 10 of the Dungeon
  8878 | D:10     | Found an opulent altar of Gozag.
  8888 | D:10     | Reached XP level 11. HP: 58/58 MP: 16/24
  9065 | D:10     | Found a staircase to the Lair.
  9228 | D:10     | Noticed Harold
  9239 | D:10     | Killed Harold
  9240 | D:10     | Reached skill level 12 in Unarmed Combat
  9562 | D:10     | Noticed a two-headed ogre
  9601 | D:10     | Killed a two-headed ogre
  9846 | D:11     | Found a runed translucent gate.
  9846 | D:11     | Found a runed translucent gate.
  9846 | D:11     | Found a runed translucent gate.
  9906 | D:11     | Noticed a cyclops
  9913 | D:11     | Killed a cyclops
  9916 | D:11     | Noticed an eight-headed hydra
  9926 | D:11     | Noticed a cyclops
  9926 | D:11     | HP: 2/69 [eight-headed hydra (7)]
  9927 | D:11     | Killed an eight-headed hydra
  9928 | D:11     | Noticed a phantasmal warrior
  9936 | D:11     | Slain by a phantasmal warrior

Illustrated notes

Levels and vault maps discovered:
D:1:      dpeg_arrival_stonehenge_8_columns, layout_basic,
          chequers_ecumenical_altar_island, dk_noncrumbling_3
D:2:      layout_basic, serial_corexii_hall, corexii_hall_statues_t,
          corexii_hall_statues_l, chequers_hall_statues_y,
          corexii_hall_statues_deadend, kennysheep_cluttered_room,
          grunt_ministairs_10, chequers_mini_garden, minmay_misc_feat_tiny
D:3:      layout_basic, mainiacjoe_overflow_boulevard, serial_glass,
          glass_columns_b, glass_columns_b, glass_columns_a, glass_columns_a,
          serial_shops, nicolae_shop_trees, uniq_jessica, uniq_robin,
          uniq_sigmund
D:4:      layout_basic
D:5:      layout_loops_ring, minmay_manual_maat
D:6:      minmay_inner_zag, layout_basic
D:7:      layout_basic, minmay_temple_entry_arrows, serial_shops,
          kennysheep_mini_moat, uniq_pikel, uniq_joseph, uniq_menkaure
D:8:      layout_layer_cave, grunt_ministairs_11
D:9:      layout_loops_corners, uniq_maurice
D:10:     layout_roguey, grunt_gozag_breadcrumbs, due_lair_maze_entry_diamond,
          st_stairs_7, uniq_harold
D:11:     layout_gridville, hiddenorc2_lemuel, gammafunk_ghost_necromancy,
          minmay_evil_grid
Temple:   mainiacjoe_temple_cubbyholes

Skill      XL: |  1  2  3  4  5  6  7  8  9 10 11 |
---------------+----------------------------------+-----
Fighting       | 1 2 3 4 5 6 |  6.8
Unarmed Combat | 4 6 8 9 11 12 | 12.7
Ice Magic      | 5 |  5.0
Transmutations | 4 5 |  5.0
Spellcasting   | 8 9 |  9.5
Dodging        | |  1.5

Action                   |  1- 3 |  4- 6 |  7- 9 | 10-12 || total
-------------------------+-------+-------+-------+-------++-------
Melee: Unarmed           |   115 |    95 |   225 |   227 ||   662
       Bite              |    22 |    23 |    65 |     4 ||   114
       Kick              |    12 |     8 |    50 |     3 ||    73
       Headbutt          |     7 |    10 |    27 |     3 ||    47
       Punch             |       |       |    13 |     2 ||    15
 Cast: Beastly Appendage |    14 |    11 |    25 |     2 ||    52
       Ice Form          |       |       |       |    22 ||    22
Evoke: Wand              |       |       |       |     3 ||     3
  Use: Potion            |       |       |     3 |       ||     3
 Stab: Sleeping          |     4 |       |     1 |       ||     5
Armor: Robe              |    32 |    24 |    29 |     4 ||    89
       Skin              |       |    19 |    10 |    54 ||    83
Dodge: Dodged            |    73 |    61 |    78 |    90 ||   302

Table legend: (Time is in decaauts)
 A = Elapsed time spent in this place.
 B = Non-inter-level travel time spent in this place.
 C = Inter-level travel time spent in this place.
 D = Time resting spent in this place.
 E = Time spent auto-exploring this place.
 F = Levels seen in this place.
 G = Mean time per level.
                   A        B        C        D        E       F      G
               +--------+--------+--------+--------+--------+-----+--------+
         Total |   9853 |   9462 |    391 |    905 |   6729 |  12 |  821.1 |
       Dungeon |   9496 |   9157 |    339 |    905 |   6444 |  11 |  863.3 |
        Temple |    357 |    305 |     52 |      0 |    285 |   1 |  357.0 |
               +--------+--------+--------+--------+--------+-----+--------+

Top non-repeatable levels by time:
     D:9: 1339 daAuts
     D:6: 1323 daAuts
     D:2: 1317 daAuts
     D:1: 1143 daAuts
     D:7: 1008 daAuts
     D:5: 989 daAuts
    D:10: 970 daAuts
     D:3: 777 daAuts
     D:4: 538 daAuts
  Temple: 357 daAuts
    D:11: 87 daAuts
